 Dungeon Crawl Stone Soup version 0.27-a0-861-g9529aa9bf3 (webtiles) character file.

Game seed: 1693995249893591485

415 DarkShadow the Ruffian (level 6, -8/61 HPs)
             Began as a Troll Berserker on Apr 2, 2021.
             Was a Priest of Trog.
             Mangled by an ogre
             ... wielding a +0 giant club
              (28 damage)
             ... on level 4 of the Dungeon.
             The game lasted 00:06:20 (2587 turns).

DarkShadow the Ruffian (Troll Berserker)            Turns: 2587, Time: 00:06:20

Health: -8/61      AC:  5    Str: 26    XL:     6   Next: 60%
Magic:  5/5        EV: 10    Int:  3    God:    Trog [***...]
Gold:   156        SH:  0    Dex: 11    Spells: 5/5 levels left

rFire    + . .     SeeInvis .     - Unarmed
rCold    + . .     Faith    .   (no shield)
rNeg     . . .     Spirit   .   a - +0 animal skin
rPois    .         Reflect  .   (helmet restricted)
rElec    .         Harm     .   b - +0 cloak
rCorr    .         Rampage  .   (gloves unavailable)
Will     .....                  (boots unavailable)
Stlth    +.........             (no amulet)
HPRegen  1.20/turn              e - ring of protection from cold
MPRegen  0.09/turn              o - ring of protection from fire

@: no status effects
A: large, unfitting armour, claws 3, regeneration 1, shaggy fur 1, tough skin 1
a: Renounce Religion, Berserk, Trog's Hand


You were on level 4 of the Dungeon.
You worshipped Trog.
Trog was most pleased with you.
You visited 1 branch of the dungeon, and saw 5 of its levels.

You collected 156 gold pieces.

Inventory:

Armour
 a - a +0 animal skin (worn)
 b - a +0 cloak (worn)
 p - a +0 helmet
Jewellery
 e - a ring of protection from cold (left claw)
 g - a ring of magical power
 o - a ring of protection from fire (right claw)
Wands
 d - a wand of iceblast (14)
Scrolls
 j - a scroll of amnesia
 k - a scroll of noise {unknown}
 l - 2 scrolls of enchant weapon {unknown}
 m - a scroll of teleportation
 n - a scroll of fog {unknown}
Potions
 c - a potion of berserk rage
 f - 2 potions of heal wounds {unknown}
 h - a potion of lignification {unknown}
 i - a potion of resistance {unknown}


   Skills:
 + Level 3.5 Fighting
 + Level 3.8 Dodging
 + Level 0.7 Stealth
 + Level 5.5 Unarmed Combat


You had 5 spell levels left.
You didn't know any spells.
Your spell library was empty.

Dungeon Overview and Level Annotations

Branches:
Dungeon (5/15)             Temple (0/1) D:4

Altars:

Shops:
D:2 ?


Innate Abilities, Weirdness & Mutations

You are too large for most types of armour.
You have claws for hands.
Your natural rate of healing is unusually fast.
You are covered in fur. (AC +1)
You have tough skin. (AC +1)


Message History

Found 13 gold pieces.
Found a stone staircase leading down.
There is a stone staircase leading up here.
You climb upwards.
There is a stone staircase leading down here.
You climb downwards.
The ufetubus hits you but does no damage. x2
The ufetubus barely misses you. The ufetubus hits you.
The hound skeleton bites you.
There is a stone staircase leading up here.
The ufetubus barely misses you. The ufetubus closely misses you.
The hound skeleton closely misses you. The ufetubus completely misses you.
The ufetubus hits you.
You climb upwards.
There is a stone staircase leading down here.
You scratch the ufetubus but do no damage.
The ufetubus hits you. x2
You barely miss the ufetubus. The ufetubus completely misses you.
The ufetubus closely misses you.
The ufetubus hits you but does no damage.
The ufetubus barely misses you.
You closely miss the ufetubus. The ufetubus hits you. x2
You scratch the ufetubus but do no damage.
The ufetubus misses you. The ufetubus closely misses you.
You miss the ufetubus. The ufetubus hits you. The ufetubus misses you.
You claw the ufetubus!
You kill the ufetubus!
Trog accepts your kill.
There is a stone staircase leading down, spattered with blood here.
You climb downwards.
The hound skeleton closely misses you.
The ogre hits you with a +0 giant club!!
The hound skeleton barely misses you.
There is a stone staircase leading up, spattered with blood here.
The hound skeleton closely misses you.
The ogre hits you with a +0 giant club!!
* * * LOW HITPOINT WARNING * * *
You climb upwards.
There is a stone staircase leading down, spattered with blood here.
You barely miss the ogre. Your claw misses the ogre.
The ogre hits you with a +0 giant club!!
You die...

#...#.#...####.###.#.#......
#.###..........# #...###....
#.....#.#...>..# ##..###....
####....#......# ##...##....
#..###.....####<....#....
#### #...............####
#.....###........### #.....#
#........... #..@O.#
##.....##### #######
#.......# #.......#
#.......# ##.....## ##...##
#####


You could see an ogre.

Vanquished Creatures
  A phantom (D:3)
  An orc priest (D:3)
  A gnoll shaman (D:4)
  2 iguanas (D:4)
  Natasha (thrice) (D:4)
  3 gnolls (D:4)
  3 adders
  An ufetubus (D:4)
  4 worms
  A dart slug (D:3)
  4 orcs
  8 bats
  7 endoplasms
  2 giant cockroaches
  5 goblins
  4 hobgoblins
  3 jackals (D:2)
  2 quokkas
  7 ball pythons
  5 frilled lizards
  10 kobolds
  8 rats
85 creatures vanquished.

Notes
Turn   | Place    | Note
-------+----------+-------------------------------------------
     0 | D:1      | DarkShadow the Troll Berserker began the quest for the Orb.
     0 | D:1      | Reached XP level 1. HP: 22/22 MP: 0/0
   142 | D:1      | Reached XP level 2. HP: 29/29 MP: 1/1
   450 | D:1      | Found a faded altar of an unknown god.
   651 | D:2      | Reached ** piety under Trog
   688 | D:2      | Reached XP level 3. HP: 36/36 MP: 2/2
   895 | D:2      | Found Puor's Magic Scroll Shoppe.
  1304 | D:3      | Reached skill level 4 in Unarmed Combat
  1304 | D:3      | Reached XP level 4. HP: 8/44 MP: 3/3
  1475 | D:3      | Noticed a phantom
  1493 | D:3      | Killed a phantom
  1494 | D:3      | Reached XP level 5. HP: 26/53 MP: 4/4
  2026 | D:4      | Reached skill level 5 in Unarmed Combat
  2031 | D:4      | Reached XP level 6. HP: 55/61 MP: 5/5
  2058 | D:4      | Noticed Natasha
  2067 | D:4      | Killed Natasha
  2082 | D:4      | Noticed Natasha
  2095 | D:4      | Killed Natasha
  2117 | D:4      | Noticed Natasha
  2127 | D:4      | Killed Natasha
  2175 | D:4      | Reached *** piety under Trog
  2206 | D:4      | Found a staircase to the Ecumenical Temple.
  2568 | D:5      | Entered Level 5 of the Dungeon
  2587 | D:4      | Mangled by an ogre

Illustrated notes

Levels and vault maps discovered:
D:1:      dpeg_arrival_stonehenge_12_columns, layout_loops_ring,
          basic_ecumenical_altar
D:2:      layout_rooms, serial_shops, nicolae_shop_waterfront
D:3:      layout_loops_ring
D:4:      layout_rooms, minmay_temple_entry_grid, uniq_natasha
D:5:      layout_cave_pods, chequers_serial_rivers_small_a

Skill      XL: |  1  2  3  4  5 |
---------------+----------------+-----
Dodging        | 3 |  3.8
Unarmed Combat | 4 5 |  5.5
Fighting       | 3 |  3.5
Stealth        | |  0.7

Action                   |  1- 3 |  4- 6 || total
-------------------------+-------+-------++-------
Melee: Unarmed           |   120 |   103 ||   223
       Punch             |     3 |     2 ||     5
  Use: Scroll            |       |     5 ||     5
Armor: Animal skin       |    66 |    24 ||    90
Dodge: Dodged            |    93 |    65 ||   158

Table legend: (Time is in decaauts)
 A = Elapsed time spent in this place.
 B = Non-inter-level travel time spent in this place.
 C = Inter-level travel time spent in this place.
 D = Time resting spent in this place.
 E = Time spent auto-exploring this place.
 F = Levels seen in this place.
 G = Mean time per level.
                   A        B        C        D        E       F      G
               +--------+--------+--------+--------+--------+-----+--------+
         Total |   2570 |   2570 |      0 |     40 |   1523 |   5 |  514.0 |
       Dungeon |   2570 |   2570 |      0 |     40 |   1523 |   5 |  514.0 |
               +--------+--------+--------+--------+--------+-----+--------+

Top non-repeatable levels by time:
     D:3: 849 daAuts
     D:1: 599 daAuts
     D:4: 582 daAuts
     D:2: 533 daAuts
     D:5: 6 daAuts
